 Dungeon Crawl Stone Soup version 0.28-a0-1233-g92def6ad0a (webtiles) character file.

Game seed: 15339435931939522515

113 Lekart the Skirmisher (level 4, -6/40 HPs)
             Began as a Draconian Chaos Knight on Dec 23, 2021.
             Was a Plaything of Xom.
             Killed from afar by an acid dragon (shapeshifter) (12 damage)
             ... with a splash of acid
             ... while petrified by a basilisk
             ... on level 3 of the Dungeon.
             The game lasted 00:03:46 (2799 turns).

Lekart the Skirmisher (Draconian Chaos Knight)      Turns: 2799, Time: 00:03:46

Health: -6/40      AC:  1    Str: 15    XL:     4   Next: 65%
Magic:  4/4        EV:  2    Int: 12    God:    Xom [...*..]
Gold:   33         SH:  0    Dex: 14    Spells: 3/3 levels left

rFire   . . .      SeeInvis .   a - +0 hand axe (chaos)
rCold   . . .      Faith    .   (no shield)
rNeg    + + +      Spirit   .   (armour unavailable)
rPois   ∞          Reflect  .   (helmet restricted)
rElec   .          Harm     .   (no cloak)
rCorr   .          Rampage  .   (no gloves)
Will    +....      Clarity  +   (no boots)
Stlth   +.........              (no amulet)
HPRegen 0.13/turn               (no ring)
MPRegen 0.09/turn               (no ring)

@: petrified, corroded, flying
A: AC +5, unfitting armour, cold-blooded, big wings, fangs 1, horns 1, stinger
1, agile 1, clarity, strong-willed 1, mutation resistance 1, poison resistance
a: Renounce Religion


You were on level 3 of the Dungeon.
You worshipped Xom.
You were a favourite toy of Xom.
You visited 1 branch of the dungeon, and saw 3 of its levels.

You collected 95 gold pieces.
You spent 62 gold pieces at shops.

Inventory:

Hand Weapons
 a - a +0 hand axe of chaos (weapon)
 d - a +0 shortbow
Missiles
 f - 28 arrows
Scrolls
 b - a scroll of identify
 c - a scroll of enchant weapon
Potions
 e - a potion of brilliance {unknown}
 h - 2 potions of attraction {unknown}


   Skills:
 + Level 4.2 Fighting
 + Level 3.7 Axes
 + Level 1.6 Bows
 + Level 2.8 Dodging


You had 3 spell levels left.
You didn't know any spells.
Your spell library contained the following spells:

 Spells                   Type           Power      Damage    Failure   Level
 Sandblast                Erth           0%         2d4       32%         1
 Ozocubu's Armour         Ice            0%         N/A       69%         3
 Leda's Liquefaction      Hex/Erth       0%         N/A       97%         4
 Iron Shot                Conj/Erth      0%         9d1       100%        6
 Ozocubu's Refrigeration  Ice            0%         4d5       100%        7


Dungeon Overview and Level Annotations

Branches:
Dungeon (3/15)

Altars:
Gozag
Qazlal
Xom

Shops:
D:3 *


Innate Abilities, Weirdness & Mutations

Your plain brown scales are hard. (AC +5)
You cannot fit into any form of body armour.
You are cold-blooded and may be slowed by cold attacks.
Your large and strong wings let you fly.
You have very sharp teeth.
You have a pair of small horns on your head.
Your tail ends in a venomous barb.
You are agile. (Dex +2)
You possess an exceptional clarity of mind.
You are strong-willed. (Will+)
You are somewhat resistant to further mutation.
Your system is resistant to poisons. (rPois)


Message History

Your tail-slap misses the basilisk.
The basilisk is severely wounded.
The basilisk misses you.
You hit the basilisk. You burn the basilisk. Your headbutt misses the basilisk.
The basilisk is almost dead.
You hear the rapid rusting of a very distant drain.
The basilisk bites you but does no damage.
You closely miss the basilisk.
The basilisk is severely wounded.
The basilisk gazes at you.
You are slowing down.
You hit the basilisk but do no damage. Your headbutt misses the basilisk.
The basilisk is severely wounded.
The basilisk hisses menacingly.
The basilisk bites you. The basilisk barely misses you.
Your limbs are stiffening.
You hit the basilisk but do no damage.
You bite the basilisk, but do no damage.
The basilisk is severely wounded.
The basilisk bites you!
You have turned to stone.
The basilisk gazes at you.
You easily resist.
The basilisk changes into an acid dragon!
The acid dragon spits acid at you. The splash of acid hits you!!
The acid corrodes you! The acid dragon bites you. The acid dragon claws you.
The acid dragon bites you!
* * * LOW HITPOINT WARNING * * *
The acid dragon claws you.
* * * LOW HITPOINT WARNING * * *
The acid dragon bites you. The acid dragon claws you.
* * * LOW HITPOINT WARNING * * *
The acid dragon bites you.
* * * LOW HITPOINT WARNING * * *
The acid dragon claws you.
* * * LOW HITPOINT WARNING * * *
The acid dragon spits acid at you. The splash of acid hits you!!
You die...
Xom howls with laughter!

#..##.##.# # #..##.##.#
.(. # #..##.##.# #..
#..##.##.# #.# ... #.##.#
#.# #.##.## #.#
#.#...#####.######.
#..........D(((!...
###...#####@#
#.#######.######.########
#........................
#.########.#####.########
#.# #.# #.# #.# #.#####.#
#.......# #########


You could see an acid dragon shaped shifter (catching breath).

Vanquished Creatures
  A hound (D:3)
  An adder (D:3)
  A worm (D:3)
  2 dart slugs (D:3)
  6 endoplasms
  2 giant cockroaches
  9 goblins
  6 hobgoblins
  6 jackals
  4 kobolds
  A quokka (D:1)
  6 ball pythons
  9 bats
  4 frilled lizards
  3 rats (D:1)
61 creatures vanquished.

Notes
Turn   | Place    | Note
-------+----------+-------------------------------------------
     0 | D:1      | Lekart the Draconian Chaos Knight began the quest for the
                  | Orb.
     0 | D:1      | Reached XP level 1. HP: 19/19 MP: 1/1
    61 | D:1      | Reached XP level 2. HP: 20/26 MP: 2/2
   165 | D:1      | HP: 1/26 [frozen (1)]
   259 | D:1      | XOM: divination: detect creatures
   564 | D:1      | XOM: polymorph goblin -> giant cockroach
   615 | D:1      | XOM: give mutations
   615 | D:1      | Gained mutation: You possess an exceptional clarity of
                  | mind. [Xom's grace]
   615 | D:1      | Gained mutation: Your tail ends in a venomous barb. [Xom's
                  | grace]
   615 | D:1      | Gained mutation: You have very sharp teeth. [Xom's grace]
   615 | D:1      | Gained mutation: You are agile. (Dex +2) [Xom's grace]
   630 | D:1      | XOM: summons 2 hostile shadow creatures
   692 | D:1      | XOM: god gift: shortbow {god gift}
   704 | D:1      | XOM: 8-stop teleportation journey
   963 | D:1      | Reached XP level 3. HP: 29/33 MP: 3/3
  1260 | D:1      | Got the Almanac of Clay
  1586 | D:2      | Reached skill level 4 in Fighting
  1875 | D:2      | XOM: give mutation
  1875 | D:2      | Gained mutation: You are strong-willed. (Will+) [Xom's
                  | grace]
  1884 | D:2      | Found a faded altar of an unknown god.
  2192 | D:3      | XOM: noise
  2220 | D:3      | XOM: polymorph quokka -> kobold
  2235 | D:3      | XOM: scenery: create altars
  2245 | D:3      | Reached skill level 1 in Bows
  2245 | D:3      | Reached XP level 4. HP: 18/40 MP: 4/4
  2508 | D:3      | Found a stormy altar of Qazlal.
  2515 | D:3      | Found Coaguinn's General Store.
  2537 | D:3      | XOM: give mutations
  2537 | D:3      | Gained mutation: You have a pair of small horns on your
                  | head. [Xom's grace]
  2537 | D:3      | Gained mutation: Your system is resistant to poisons.
                  | (rPois) [Xom's grace]
  2537 | D:3      | Gained mutation: You are somewhat resistant to further
                  | mutation. [Xom's grace]
  2537 | D:3      | Gained mutation: Your large and strong wings let you fly.
                  | [Xom's grace]
  2538 | D:3      | Bought 24 arrows for 62 gold pieces
  2647 | D:3      | Found an opulent altar of Gozag.
  2647 | D:3      | XOM: 2-stop teleportation journey
  2766 | D:3      | Noticed a shapeshifter
  2766 | D:3      | an adder changed into a shapeshifter
  2766 | D:3      | XOM: polymorph adder -> shapeshifter
  2767 | D:3      | Noticed a golden eye
  2767 | D:3      | a shapeshifter changed into a golden eye
  2777 | D:3      | Noticed an acid dragon
  2777 | D:3      | a golden eye changed into an acid dragon
  2780 | D:3      | Noticed a shapeshifter
  2780 | D:3      | an acid dragon changed into a shapeshifter
  2780 | D:3      | XOM: polymorph acid dragon -> shapeshifter
  2780 | D:3      | Noticed a basilisk
  2780 | D:3      | a shapeshifter changed into a basilisk
  2793 | D:3      | Noticed an acid dragon
  2793 | D:3      | a basilisk changed into an acid dragon
  2799 | D:3      | Killed from afar by an acid dragon (shapeshifter)

Illustrated notes

Levels and vault maps discovered:
D:1:      lemuel_arrival_rhombus, layout_basic
D:2:      layout_basic, nicolae_ecumenical_snake_handling, minmay_misc_feat_tiny
D:3:      layout_loops_ring, grunt_qazlal_clouds, nicolae_gozag_seed_capital,
          serial_shops, nicolae_shop_window_shopping,
          cheibrodos_sewer_entry_bend

Skill      XL: |  1  2  3 |
---------------+----------+-----
Fighting       | 4 |  4.2
Bows           | 1 |  1.6
Axes           | |  3.7
Dodging        | |  2.8

Action                   |  1- 3 |  4- 6 || total
-------------------------+-------+-------++-------
Melee: Hand axe          |   105 |     9 ||   114
       Tailslap          |     6 |     1 ||     7
       Bite              |     4 |     2 ||     6
 Fire: Shortbow          |    50 |    37 ||    87
  Use: Scroll            |     2 |       ||     2
 Stab: Sleeping          |       |     1 ||     1
Armor: Skin              |    74 |     3 ||    77
Dodge: Dodged            |   118 |    13 ||   131

Table legend: (Time is in decaauts)
 A = Elapsed time spent in this place.
 B = Non-inter-level travel time spent in this place.
 C = Inter-level travel time spent in this place.
 D = Time resting spent in this place.
 E = Time spent auto-exploring this place.
 F = Levels seen in this place.
 G = Mean time per level.
                   A        B        C        D        E       F      G
               +--------+--------+--------+--------+--------+-----+--------+
         Total |   2840 |   2811 |     29 |    795 |   1475 |   3 |  946.7 |
       Dungeon |   2840 |   2811 |     29 |    795 |   1475 |   3 |  946.7 |
               +--------+--------+--------+--------+--------+-----+--------+

Top non-repeatable levels by time:
     D:1: 1561 daAuts
     D:2: 659 daAuts
     D:3: 619 daAuts
